 Dungeon Crawl Stone Soup version 0.29.0-4-gdea44cf6ec (webtiles) character file.

Game seed: 15241624340484319489

743 qw the Chopper (level 7, -1/44 HPs)
             Began as a Gargoyle Fighter on Sept 10, 2022.
             Slain by an orc
             ... wielding a +0 whip
              (3 damage)
             ... on level 5 of the Dungeon.
             The game lasted 00:01:14 (4659 turns).

qw the Chopper (Gargoyle Fighter)                   Turns: 4659, Time: 00:01:15

Health: -1/44      AC: 16    Str: 22    XL:     7   Next: 76%
Magic:  7/7        EV:  7    Int:  8    God:
Gold:   49         SH:  4    Dex:  9    Spells: 6/6 levels left

rFire   . . .      SeeInvis .   p - +3 war axe (vamp)
rCold   . . .      Faith    .   c - +0 buckler
rNeg    + . .      Spirit   .   q - +0 chain mail
rPois   inf        Reflect  .   r - +0 helmet
rElec   +          Harm     .   (no cloak)
rCorr   .          Rampage  .   (no gloves)
Will    .....                   f - +0 pair of boots
Stlth   ..........              g - amulet of the acrobat
HPRegen 0.14/turn               (no ring)
MPRegen 0.10/turn               (no ring)

@: no status effects
A: sickness immunity, AC +4, negative energy resistance 1, electricity
resistance, torment resistance 1, petrification resistance
a: no special abilities


You were on level 5 of the Dungeon.
You visited 1 branch of the dungeon, and saw 5 of its levels.

You collected 259 gold pieces.
You spent 210 gold pieces at shops.


Innate Abilities, Weirdness & Mutations

You are immune to sickness and miasma.
Your stone body is resilient. (AC +4)
You are immune to poison.
You resist negative energy. (rN+)
You are resistant to electric shocks. (rElec)
You are resistant to unholy torment.
You are immune to petrification.


   Skills:
 + Level 4.5 Fighting
 - Level 7.0 Axes
 - Level 1.0 Throwing
 - Level 3.2 Armour
 - Level 1.0 Dodging
 - Level 3.2 Shields


You had 6 spell levels left.
You didn't know any spells.
Your spell library was empty.

Inventory:

Hand Weapons
 p - a +3 vampiric war axe (weapon)
 s - a +2 war axe of flaming
Missiles
 e - 7 boomerangs
 i - 3 silver boomerangs (quivered)
Armour
 c - a +0 buckler (worn)
 f - a +0 pair of boots (worn)
 q - a +0 chain mail (worn)
 r - a +0 helmet (worn)
Jewellery
 g - an amulet of the acrobat (around neck)
Scrolls
 a - a scroll of identify
 b - a scroll of brand weapon
 m - a scroll of blinking
Potions
 d - 2 potions of might
 j - a potion of mutation
 l - a potion of attraction
 n - a potion of haste {unknown}
 o - a potion of curing
 t - a potion of flight {unknown}
 u - a potion of cancellation {unknown}

Dungeon Overview and Level Annotations

Branches:
Dungeon (5/15)
 Temple: D:4-7

Altars:
Ashenzari

Shops:
D:1 [   D:4 ?

Annotations:
D:2 1 runed translucent door, Crazy Yiuf


Message History

You hit the gnoll sergeant.
The gnoll sergeant is severely wounded.
You barely miss the gnoll. You slash the ogre!
You feel better. The gnoll sergeant barely misses you.
A gnoll comes into view. It is wielding a +0 whip.
The gnoll barely misses you. You block the gnoll's attack.
The gnoll sergeant blocks your attack.
The gnoll sergeant is severely wounded.
You barely miss the gnoll. You slash the ogre!
You feel better. The ogre hits you but does no damage.
The gnoll hits you from afar with a +0 spear.
The gnoll hits you but does no damage. You block the gnoll sergeant's attack.
You barely miss the ogre.
The ogre is severely wounded.
You closely miss the gnoll.
You hit the gnoll sergeant but do no damage.
The ogre hits you with a +0 giant spiked club!!
Ouch! That really hurt!
The gnoll hits you but does no damage. The gnoll hits you with a +0 whip.
The gnoll sergeant closely misses you.
You slash the ogre!
You feel better.
You kill the ogre!
You hit the gnoll.
You feel better.
You hit the gnoll sergeant.
You feel better. You block the gnoll sergeant's attack.
A gnoll comes into view. It is wielding a +1 halberd of flaming.
The gnoll barely misses you. x2
Your Axes skill increases to level 7!
You slash the gnoll sergeant!
You kill the gnoll sergeant!
You closely miss the gnoll. The gnoll hits you but does no damage.
The orc hits you but does no damage. You block the gnoll's attack.
The gnoll hits you but does no damage. You block the gnoll's attack.
You closely miss the gnoll.
The gnoll is lightly wounded.
You closely miss the gnoll. You barely miss the orc.
The gnoll hits you with a +0 whip.
The gnoll hits you from afar with a +0 spear!
The gnoll hits you but does no damage. The orc hits you with a +0 whip.
You die... ## # #.. #.##.# ####.##.## ####### .##........ #.....# .......#..# ####<....# . .....#..# #........# gg.

g..#).####.##.....#
#..##.#@.......#.....#
#...ggggo.###..#######
#>...g......#..#
#..##.##..#.#..# ....
#.##.......# ...
#........... #.
####.#.#..... #
..##.#.### .. ####


You could see 5 gnolls and an orc.

Vanquished Creatures
  Sigmund (D:2)
  An ogre (D:5)
  A gnoll sergeant (D:5)
  A scorpion (D:3)
  A howler monkey (D:5)
  A hound (D:4)
  An orc priest (D:4)
  Ijyb (D:3)
  Terence (D:3)
  Jessica (D:3)
  An iguana (D:4)
  An orc wizard (D:4)
  Robin (D:3)
  4 adders
  A worm (D:1)
  2 dart slugs
  5 orcs
  8 endoplasms
  3 giant cockroaches
  14 goblins
  8 hobgoblins
  7 jackals
  2 quokkas (D:1)
  10 ball pythons
  4 bats
  2 frilled lizards (D:1)
  8 kobolds
  5 rats
96 creatures vanquished.

Vanquished Creatures (others)
  3 fungi (D:5)
  2 withered plants (D:1)
5 creatures vanquished.

Grand Total: 101 creatures vanquished

Notes
Turn   | Place    | Note
-------+----------+-------------------------------------------
     0 | D:1      | qw the Gargoyle Fighter began the quest for the Orb.
     0 | D:1      | Reached XP level 1. HP: 14/14 MP: 1/1
     0 | D:1      | 0 ||| qw: Version: 0.1-a-116-g5d60599
     0 | D:1      | 0 ||| qw: Game counter: 7688
     0 | D:1      | 0 ||| qw: Always use a shield: true
     0 | D:1      | 0 ||| qw: God list: Okawaru
     0 | D:1      | 0 ||| qw: Allow faded altars: false
     0 | D:1      | 0 ||| qw: Do Orc after D:15 true
     0 | D:1      | 0 ||| qw: Do second Lair branch before Depths: true
     0 | D:1      | 0 ||| qw: Lair rune preference: random
     0 | D:1      | 0 ||| qw: Plans: Normal, Zot, God:TSO, Crypt, Tomb, Zig,
                  | Orb
     0 | D:1      | 0 ||| PLANNING D:1-11
    11 | D:1      | Reached skill level 2 in Axes
   364 | D:1      | Reached XP level 2. HP: 17/19 MP: 2/2
   416 | D:1      | Found a faded altar of an unknown god.
   694 | D:1      | Reached skill level 3 in Axes
   713 | D:1      | Found Ryol's Antique Armour Shoppe.
   717 | D:1      | 717 ||| SHOPLISTING embroidered cloak (240 gold, have 36).
   717 | D:1      | 717 ||| SHOPLISTING embroidered scarf (256 gold, have 36).
   717 | D:1      | 717 ||| SHOPLISTING glowing cloak (240 gold, have 36).
   717 | D:1      | 717 ||| SHOPLISTING runed leather armour (160 gold, have
                  | 36).
   717 | D:1      | 717 ||| SHOPLISTING shiny ice dragon scales (2016 gold,
                  | have 36).
   770 | D:1      | Reached XP level 3. HP: 23/23 MP: 3/3
  1016 | D:1      | 1016 ||| READING 2 scrolls labelled VUIJEN GAOCH.
  1017 | D:1      | 1017 ||| READING scroll labelled WUUDIG WUSH.
  1073 | D:1      | 1073 ||| READING scroll labelled XIARCHO PIOTAIN.
  1074 | D:1      | 1074 ||| READING scroll labelled UNUARA ROMIR.
  1217 | D:2      | 1217 ||| Stepping ~*~*~tactically~*~*~ (stealth).
  1218 | D:2      | 1218 ||| Stepping ~*~*~tactically~*~*~ (stealth).
  1548 | D:2      | Noticed Sigmund
  1549 | D:2      | 1549 ||| Stepping ~*~*~tactically~*~*~ (hiding).
  1558 | D:2      | Killed Sigmund
  1559 | D:2      | Reached skill level 5 in Axes
  1559 | D:2      | Reached XP level 4. HP: 19/28 MP: 4/4
  1559 | D:2      | Reached XP level 5. HP: 22/32 MP: 5/5
  1718 | D:2      | Reached XP level 6. HP: 37/37 MP: 6/6
  1774 | D:2      | Found a runed translucent door.
  1775 | D:2      | Noticed Crazy Yiuf
  2295 | D:2      | 2295 ||| UPGRADING to +0 pair of boots.
  2300 | D:2      | 2300 ||| UPGRADING to amulet of the acrobat.
  2305 | D:2      | 2305 ||| READING scroll labelled VECIAP CELI.
  2402 | D:2      | 2402 ||| READING 2 scrolls of identify.
  2402 | D:2      | 2402 ||| IDENTIFYING puce potion
  2506 | D:3      | 2506 ||| Stepping ~*~*~tactically~*~*~ (stealth).
  2508 | D:3      | 2508 ||| Stepping ~*~*~tactically~*~*~ (stealth).
  2510 | D:3      | Noticed Ijyb
  2517 | D:3      | Reached skill level 1 in Throwing
  2528 | D:3      | Killed Ijyb
  2784 | D:3      | Found a broken altar of Ashenzari.
  2867 | D:3      | Noticed Terence
  2887 | D:3      | HP: 7/38 [Terence/+0 trident (5)]
  2888 | D:3      | Killed Terence
  3292 | D:3      | Noticed Jessica
  3297 | D:3      | Noticed Robin
  3300 | D:3      | Killed Jessica
  3301 | D:3      | Reached skill level 1 in Dodging
  3309 | D:3      | Killed Robin
  3632 | D:3      | Reached skill level 6 in Axes
  3632 | D:3      | Reached XP level 7. HP: 43/43 MP: 7/7
  3854 | D:3      | 3854 ||| UPGRADING to +0 chain mail.
  3864 | D:3      | 3864 ||| DROPPING +0 scale mail.
  3865 | D:3      | 3865 ||| UPGRADING to +0 helmet.
  3870 | D:3      | 3870 ||| DROPPING ring of magical power.
  3871 | D:3      | 3871 ||| READING scroll labelled MYJETURPHOKK.
  3872 | D:3      | 3872 ||| READING 2 scrolls labelled IMUCAEJIME.
  3873 | D:3      | 3873 ||| DRINKING 2 golden potions.
  3874 | D:3      | 3874 ||| READING 2 scrolls of identify.
  3874 | D:3      | 3874 ||| IDENTIFYING purple potion
  3875 | D:3      | 3875 ||| DROPPING scroll of amnesia.
  4035 | D:4      | 4035 ||| Stepping ~*~*~tactically~*~*~ (stealth).
  4141 | D:4      | Found Zamnel's Magic Scroll Shoppe.
  4151 | D:4      | 4151 ||| BUYING scroll of blinking (105 gold).
  4151 | D:4      | Bought a scroll of blinking for 105 gold pieces
  4151 | D:4      | 4151 ||| BUYING scroll of enchant weapon (105 gold).
  4151 | D:4      | Bought a scroll of enchant weapon for 105 gold pieces
  4151 | D:4      | 4151 ||| SHOPLISTING scroll of identify (28 gold, have 20).
  4151 | D:4      | 4151 ||| SHOPLISTING scroll of teleportation (42 gold, have
                  | 20).
  4151 | D:4      | 4151 ||| READING scroll of enchant weapon.
  4151 | D:4      | 4151 ||| ENCHANTING +1 vampiric war axe.
  4292 | D:4      | 4292 ||| READING scroll of enchant weapon.
  4292 | D:4      | 4292 ||| ENCHANTING +2 vampiric war axe.
  4343 | D:4      | 4343 ||| Stepping ~*~*~tactically~*~*~ (hiding).
  4371 | D:4      | HP: 10/43 [iguana (10)]
  4372 | D:4      | 4372 ||| DRINKING potion of heal wounds.
  4482 | D:4      | 4482 ||| DROPPING +2 vorpal mace.
  4598 | D:4      | 4598 ||| READING scroll labelled APHANUDAEM.
  4621 | D:5      | Entered Level 5 of the Dungeon
  4645 | D:5      | 4645 ||| Stepping ~*~*~tactically~*~*~ (hiding).
  4646 | D:5      | 4646 ||| Stepping ~*~*~tactically~*~*~ (hiding).
  4648 | D:5      | 4648 ||| Stepping ~*~*~tactically~*~*~ (hiding).
  4650 | D:5      | 4650 ||| Stepping ~*~*~tactically~*~*~ (hiding).
  4656 | D:5      | HP: 6/43 [ogre/+0 giant spiked club (25)]
  4658 | D:5      | Reached skill level 7 in Axes
  4659 | D:5      | HP: 2/44 [gnoll/+0 spear[a gnoll sergeant] (8)]
  4659 | D:5      | Slain by an orc

Levels and vault maps discovered:
D:1:      dpeg_arrival_brainrot, layout_basic, serial_shops, shop,
          ebering_ecumenical_altar_petrified
D:2:      layout_loops_corners, minmay_quantized, uniq_crazy_yiuf_cottage,
          uniq_sigmund
D:3:      layout_basic, mainiacjoe_overflow_alcove_1, nrook_mini_vaults,
          uniq_jessica, uniq_terence, uniq_robin, uniq_ijyb
D:4:      layout_basic, serial_shops, nicolae_shop_trees
D:5:      layout_loops_cross, mainiacjoe_overflow_chevrons, marbit_many_paths,
          uniq_blork_the_orc, uniq_pikel

Skill      XL: |  1  2  3  4  5  6  7 |
---------------+----------------------+-----
Axes           | 2 3 5 6 7 |  7.0
Throwing       | 1 |  1.0
Fighting       | 4 |  4.5
Dodging        | 1 |  1.0
Armour         | |  3.2
Shields        | |  3.2

Action                   |  1- 3 |  4- 6 |  7- 9 || total
-------------------------+-------+-------+-------++-------
Melee: War axe           |    90 |    89 |    55 ||   234
Throw: Boomerang         |     6 |    21 |    13 ||    40
  Use: Scroll            |     4 |     2 |     6 ||    12
       Potion            |       |       |     2 ||     2
Armor: Scale mail        |    41 |    57 |     2 ||   100
       Chain mail        |       |       |    21 ||    21
Dodge: Dodged            |    42 |    46 |    24 ||   112
Block: Buckler           |    20 |    19 |    13 ||    52

Table legend:
 A = Non-vault XP
 B = Vault XP
 C = Vault XP percentage of total XP
 D = Non-vault monster count
 E = Vault monster count
 F = Vault count percentage of total count
                 A         B        C        D         E       F
            +---------+---------+-------+---------+---------+-------
      Total |     656 |     406 |  38.2 |      78 |      18 |  18.8
            +---------+---------+-------+---------+---------+-------
        D:1 |      33 |       5 |  13.2 |      18 |       1 |   5.3
        D:2 |      32 |     254 |  88.8 |      13 |       3 |  18.8
        D:3 |     152 |     147 |  49.2 |      29 |      14 |  32.6
        D:4 |     182 |       0 |   0.0 |      15 |       0 |   0.0
        D:5 |     257 |       0 |   0.0 |       3 |       0 |   0.0
            +---------+---------+-------+---------+---------+-------
